 Seeded DCSS version 0.32-a0-630-g46d191b0ed (webtiles) character file.

Game seed: 15929506210506171846 (custom seed)

93 Juicyj the Shield-Bearer (level 4, -4/40 HPs)
             Began as a Mountain Dwarf Fighter on Mar 6, 2024.
             Slain by an orc
             ... wielding a +2 hand axe of electrocution
              (14 damage)
             ... on level 3 of the Dungeon.
             The game lasted 00:02:49 (2594 turns).

Juicyj the Shield-Bearer (Mountain Dwarf Fighter)   Turns: 2594, Time: 00:02:49

Health: -4/40      AC:  7    Str: 21    XL:     4   Next: 37%
Magic:  4/4        EV:  9    Int:  8    God:
Gold:   181        SH:  4    Dex:  9    Spells: 3/3 levels left

rFire   . . .        a - +0 war axe
rCold   . . .        c - +0 buckler
rNeg    . . .        b - +0 scale mail
rPois   .            (no helmet)
rElec   .            (no cloak)
rCorr   .            (no gloves)
SInv    +            (no boots)
Will    .....        (no amulet) Stlth
                     g - ring of see invisible
HPRegen 0.26/turn    (no ring)
MPRegen 0.09/turn

%: no passive effects
@: no status effects
A: runic magic, artefact enchanting
a: Convert to Beogh


You were on level 3 of the Dungeon.
You visited 1 branch of the dungeon, and saw 3 of its levels.

You collected 181 gold pieces.

Inventory:

Hand Weapons
 a - a +0 war axe (weapon)
Armour
 b - a +0 scale mail (worn)
 c - a +0 buckler (worn)
Jewellery
 g - a ring of see invisible (left hand)
Scrolls
 e - a scroll of fog {unknown}
 k - a scroll of acquirement {unknown}
 m - a scroll of noise {unknown}
 n - a scroll of poison {unknown}
 o - a scroll of amnesia {unknown}
 p - a scroll of brand weapon {unknown}
 q - 2 scrolls of enchant weapon {unknown}
Potions
 d - a potion of might
 f - a potion of curing {unknown}
 h - a potion of ambrosia {unknown}
 i - a potion of invisibility {unknown}
 j - 3 potions of lignification {unknown}
 l - 2 potions of mutation {unknown}


   Skills:
 + Level 4.0 Fighting
 + Level 3.4 Axes
 + Level 4.0 Armour
 + Level 4.1 Shields


You had 3 spell levels left.
You didn't know any spells.
Your spell library contained the following spells:

 Spells                   Type           Power      Damage    Failure   Level
 Ozocubu's Armour         Ice            0%         N/A       90%         3
 Metabolic Englaciation   Hex/Ice        0%         N/A       100%        5
 Summon Forest            Summ/Tloc      0%         N/A       100%        5
 Summon Mana Viper        Hex/Summ       0%         N/A       100%        5
 Sculpt Simulacrum        Ice/Alch       0%         N/A       100%        6
 Summon Cactus Giant      Summ           0%         N/A       100%        6


Dungeon Overview and Level Annotations

Branches:
Dungeon (3/15)

Altars:


Innate Abilities, Weirdness & Mutations

Your spellcasting is much less encumbered by armour.
You can use scrolls of enchantment on lesser artefacts.


Message History

No target in view!
No target in view!
No target in view!
No target in view!
No target in view!
No target in view!
No target in view!
An orc priest comes into view. It is wielding a +0 flail.
The orc priest shouts!
You hear a shout!
An orc priest is nearby!
An orc comes into view.
It is wielding a +2 hand axe of electrocution.
The orc shouts!
The orc priest looks satisfied for a moment. 2 orcs come into view.
The orc shouts! x2
You closely miss the orc priest.
An orc comes into view. It is wielding a +0 club.
The orc priest hits you with a +0 flail.
The orc shouts!
You hit the orc priest.
The orc priest is moderately wounded.
You hear a shout!
The orc priest mumbles some strange prayers to Beogh against you.
Pain shoots through your body!
You slash the orc priest!
The orc priest is severely wounded.
The orc priest hits you with a +0 flail!
A kobold comes into view. It is wielding a +0 whip.
The orc priest shouts, "Beogh offers mercy even to people such as you.
Join us and be reborn!" (press Y on the ability menu to convert to Beogh)
You barely miss the orc priest.
The orc priest is severely wounded.
You closely miss the orc.
The orc priest invokes the aid of Beogh against you.
Pain shoots through your body!
* * * LOW HITPOINT WARNING * * *
The orc hits you with a +2 hand axe of electrocution.
* * * LOW HITPOINT WARNING * * *
You are electrocuted!
You die...

#.........#.........
#............######.#
#....#..#.#.......#.# #
####.#..#.#..#.####.#.###
#....#...............#
###.........#.......#
#####........$#..##
................#
###..o@.........#
#..oo##.##..### #...o##.#
..# .....o...# .#
##......#.# ## #.#..#.#.#
#.#K. .# . ... ..


You could see an orc priest, 4 orcs and a kobold.

Vanquished Creatures
  Jessica (D:3)
  An adder (D:3)
  2 ribbon worms (D:2)
  A dart slug (D:3)
  An orc (D:3)
  5 bats
  3 giant cockroaches
  4 goblins
  2 hobgoblins
  5 jackals
  7 kobolds
  3 quokkas
  6 ball pythons
  2 frilled lizards
  6 rats
49 creatures vanquished.

Notes
Turn   | Place    | Note
-------+----------+-------------------------------------------
     0 | D:1      | Juicyj the Mountain Dwarf Fighter began the quest for the
                  | Orb.
     0 | D:1      | Reached XP level 1. HP: 19/19 MP: 1/1
   202 | D:1      | Reached XP level 2. HP: 26/26 MP: 2/2
   526 | D:1      | Found a faded altar of an unknown god.
  1287 | D:2      | Reached XP level 3. HP: 26/33 MP: 3/3
  2104 | D:3      | Noticed Jessica
  2118 | D:3      | Killed Jessica
  2119 | D:3      | Reached XP level 4. HP: 26/40 MP: 4/4
  2594 | D:3      | Slain by an orc

Illustrated notes

Levels and vault maps discovered:
D:1:      dpeg_arrival_circle_labyrinth_c, layout_basic, serial_forest,
          infiniplex_forest_clump_tiny, infiniplex_forest_clump_tiny,
          infiniplex_forest_end_2, infiniplex_forest_end_1,
          infiniplex_forest_straight_3, infiniplex_forest_clump_small,
          infiniplex_forest_clump_small, dilly_ecumenical_altar_fadedgnrine,
          corner_web_ring, kennysheep_minor_cross
D:2:      minmay_recursive_quarters, layout_basic
D:3:      minmay_general_purpose_star, layout_basic, uniq_jessica, uniq_grinder

Skill      XL: |  1  2  3  4 |
---------------+-------------+-----
Axes           | 3 |  3.4
Armour         | 4 |  4.0
Shields        | 4 |  4.1
Fighting       | 4 |  4.0

Action                     |  1- 3 |  4- 6 || total
---------------------------+-------+-------++-------
  Melee: War axe           |   134 |    42 ||   176
 Armour: Scale mail        |   122 |    43 ||   165
  Dodge: Dodged            |    66 |    17 ||    83
  Block: Buckler           |    34 |    17 ||    51

Table legend: (Time is in decaauts)
 A = Elapsed time spent in this place.
 B = Non-inter-level travel time spent in this place.
 C = Inter-level travel time spent in this place.
 D = Time resting spent in this place.
 E = Time spent auto-exploring this place.
 F = Levels seen in this place.
 G = Mean time per level.
                   A        B        C        D        E       F      G
               +--------+--------+--------+--------+--------+-----+--------+
         Total |   2668 |   2600 |     68 |      0 |   2170 |   3 |  889.3 |
       Dungeon |   2668 |   2600 |     68 |      0 |   2170 |   3 |  889.3 |
               +--------+--------+--------+--------+--------+-----+--------+

Top non-repeatable levels by time:
     D:1: 1201 daAuts
     D:2: 954 daAuts
     D:3: 511 daAuts
